 Dungeon Crawl Stone Soup version 0.29.0-7-g18a832c13a (webtiles) character file.

Game seed: 3458548796316353735

39 freelancePsychic the Magician (level 3, 0/28 HPs)
             Began as a Meteoran Hedge Wizard on Aug 30, 2022.
             Slain by a gnoll
             ... wielding a +0 spear
              (4 damage)
             ... on level 3 of the Dungeon.
             The game lasted 00:04:15 (1149 turns).

freelancePsychic the Magician (MeHW)                Turns: 1149, Time: 00:04:16

Health: 0/28       AC: 11    Str: 14    XL:     3   Next: 94%
Magic:  9/9        EV:  4    Int: 15    God:
Gold:   119        SH:  0    Dex: 13    Spells: 9/10 levels left

rFire   . . .      SeeInvis .   e - +1 trident
rCold   . . .      Faith    .   (no shield)
rNeg    . . .      Spirit   .   f - +0 plate armour
rPois   .          Reflect  .   c - +0 hat
rElec   .          Harm     .   (no cloak)
rCorr   .          Rampage  .   j - +0 pair of gloves
Will    .....                   (no boots)
Stlth   ..........              (no amulet)
HPRegen 0.09/turn               g - +4 ring of slaying
MPRegen 0.11/turn               (no ring)

@: glowing
A: sense surroundings 1, otherworldly, glowing, explore regen
a: no special abilities


You were on level 3 of the Dungeon.
You visited 1 branch of the dungeon, and saw 3 of its levels.

You collected 140 gold pieces.
You spent 21 gold pieces at shops.

Inventory:

Hand Weapons
 a - a +0 dagger
 e - a +1 trident (weapon)
Missiles
 m - 7 poisoned darts
Armour
 b - a +0 robe
 c - a +0 hat (worn)
 f - a +0 plate armour (worn)
 j - a +0 pair of gloves (worn)
Jewellery
 g - a +4 ring of slaying (left hand)
Scrolls
 i - 2 scrolls of teleportation {@r4}
 k - a scroll of enchant weapon
Potions
 d - a potion of magic
 h - a potion of lignification {unknown}


   Skills:
 + Level 1.6 Fighting
 * Level 2.8 Polearms
 - Level 2.4 Dodging
 - Level 1.4 Stealth
 - Level 4.0 Spellcasting
 - Level 1.3 Conjurations
 - Level 1.2 Summonings
 - Level 1.2 Translocations


You had 9 spell levels left.
You knew the following spells:

 Your Spells              Type           Power      Damage    Failure   Level
a - Magic Dart            Conj           28%        1d4       100%        1

Your spell library contained the following spells:

 Spells                   Type           Power      Damage    Failure   Level
 Slow                     Hex            12%        N/A       100%        1
 Blink                    Tloc           12%        N/A       100%        2
 Call Imp                 Summ           6%         N/A       100%        2
 Sublimation of Blood     Necr           3%         N/A       100%        2
 Wereblood                Tmut           3%         N/A       100%        2
 Conjure Flame            Conj/Fire      5%         6-21      100%        3
 Mephitic Cloud           Conj/Pois/Air  4%         N/A       100%        3
 Summon Hydra             Summ           3%         N/A       100%        7


Dungeon Overview and Level Annotations

Branches:
Dungeon (3/15) Zot: 632

Altars:
Qazlal

Shops:
D:1 *

Annotations:
D:3 2 transporters


Innate Abilities, Weirdness & Mutations

You passively map a small area around you.
You are easily found by Zot.
You glow in the dark.
You regain HP and MP as you explore.


Message History

You are too injured to fight recklessly!
You are too injured to fight recklessly!
You are too injured to fight recklessly!
You are too injured to fight recklessly!
You are too injured to fight recklessly!
You are too injured to fight recklessly!
You are too injured to fight recklessly!
You are too injured to fight recklessly!
You are too injured to fight recklessly!
You are too injured to fight recklessly!
You feel sick.
You are no longer poisoned.
Reach: e) +1 trident
Press: ? - help, Dir - move target, f/p - gnoll
Aim: a gnoll, wielding a +0 spear (lightly wounded, about 34% to evade your +1 trident)
You reach to attack!
You closely miss the gnoll.
The gnoll is lightly wounded.
The gnoll hits you from afar with a +0 spear.
Reach: e) +1 trident
Press: ? - help, Dir - move target, f/p - gnoll
Aim: a gnoll, wielding a +0 spear (lightly wounded, about 34% to evade your +1 trident)
You reach to attack!
You barely miss the gnoll.
The gnoll is lightly wounded.
The gnoll hits you but does no damage.
Reach: e) +1 trident
Press: ? - help, Dir - move target, f/p - gnoll
Aim: a gnoll, wielding a +0 spear (lightly wounded, about 34% to evade your +1 trident)
You reach to attack!
You completely miss the gnoll.
The gnoll is lightly wounded.
The gnoll hits you but does no damage.
Reach: e) +1 trident
Press: ? - help, Dir - move target, f/p - gnoll
Aim: a gnoll, wielding a +0 spear (lightly wounded, about 34% to evade your +1 trident)
You reach to attack!
You hit the gnoll.
The gnoll is moderately wounded.
The gnoll hits you from afar with a +0 spear. x2
* * * LOW HITPOINT WARNING * * *
There is a stone staircase leading up here.
The gnoll hits you from afar with a +0 spear.
You die...

######## ###########.......
#...........######
#.########.##.....
###.########.#8..#.#
##############............#l.#...
.........ggg.rg.@####.....#hS....
#####..########..# #.#..©#S.©...
#..########..# #.##..#......
#...)......)...####.###.#..#...
#...g.########)##.....#.#8..#.#
#.....# #.##.#.#.#.##...©.
,.......# #...........######
###.....# * ,, ####.#.#.#(.......
###.### ,, ..........>#####


You could see 4 gnolls and a rat.

Vanquished Creatures
  4 ball pythons
  3 endoplasms
  2 giant cockroaches
  2 goblins
  4 hobgoblins (D:1)
  2 quokkas
  8 bats
  3 frilled lizards
  4 kobolds
  4 rats
36 creatures vanquished.

Notes
Turn   | Place    | Note
-------+----------+-------------------------------------------
     0 | D:1      | freelancePsychic the Meteoran Hedge Wizard began the quest
                  | for the Orb.
     0 | D:1      | Reached XP level 1. HP: 14/14 MP: 6/6
   231 | D:1      | Reached XP level 2. HP: 7/22 MP: 6/8
   264 | D:1      | Reached skill level 1 in Polearms
   309 | D:1      | Reached skill level 1 in Fighting
   404 | D:1      | Reached XP level 3. HP: 19/28 MP: 9/9
   450 | D:1      | Found Noschirr's Assorted Antiques.
   464 | D:1      | Bought a scroll labelled CONANE OLOINN for 21 gold pieces
   491 | D:1      | Glimpsed the power of Zot.
  1065 | D:3      | Found a stormy altar of Qazlal.
  1069 | D:3      | Found a transporter.
  1080 | D:3      | Found a transporter.
  1149 | D:3      | Slain by a gnoll

Illustrated notes

Levels and vault maps discovered:
D:1:      dpeg_arrival_rooms_with_view, layout_basic, serial_shops,
          nicolae_shop_advertising_works [nicolae_subvault_shop_adworks],
          nrook_mini_backslash
D:2:      layout_loops_ring, minivault_24, chequers_decorated_corner,
          palyth_stone_intersect, dreamdust_mushroom_princess, kennysheep_donut,
          minmay_pentomino_u4
D:3:      layout_loops_ring, nicolae_vehumet_radiance,
          gammafunk_temple_overflow_arena, lemuel_doored_altar

Skill      XL: |  1  2  3 |
---------------+----------+-----
Polearms       | 1 2 |  2.8
Fighting       | 1 |  1.6
Dodging        | |  2.4
Stealth        | |  1.4
Spellcasting   | |  4.0
Conjurations   | |  1.3
Summonings     | |  1.2
Translocations | |  1.2

Action                   || total
-------------------------++-------
Melee: Trident           ||    88
       Dagger            ||     6
 Cast: Magic Dart        ||    34
  Use: Scroll            ||     3
Armor: Robe              ||    19
       Plate armour      ||    47
Dodge: Dodged            ||    32
